 Dungeon Crawl Stone Soup version 0.17-a0-1714-g35622ae (webtiles) character file.

163 kae the Slasher (level 5, -3/45 HPs)
             Began as a Minotaur Fighter on Aug 23, 2015.
             Was an Initiate of Makhleb.
             Slain by a gnoll
             ... wielding a +2 antimagic spear
              (10 damage)
             ... on level 3 of the Dungeon.
             The game lasted 00:01:05 (1857 turns).

kae the Slasher (Minotaur Fighter)                  Turns: 1857, Time: 00:01:05

Health: -3/45      AC:  6    Str: 20    XL:     5   Next: 20%
Magic:  2/4        EV:  7    Int:  6    God:    Makhleb [......]
Gold:   100        SH:  9    Dex: 10    Spells: 0 memorised, 4 levels left

rFire  . . .     SeeInvis .     a - +0 long sword
rCold  . . .     Clarity  .     b - +0 scale mail
rNeg   . . .     SustAt   .     c - +0 shield
rPois  .         Gourm    .     (helmet restricted)
rElec  .         Spirit   .     (no cloak)
rCorr  .         Warding  .     (no gloves)
rMut   .         Stasis   .     (no boots)
MR     .....                    (no amulet)
Stlth  ..........               (no ring)
                                (no ring)

@: lethally poisoned (-3 -> -5), not resistant to hostile enchantments,
extremely unstealthy
A: retaliatory headbutt, horns 2
a: Renounce Religion


You were on level 3 of the Dungeon.
You worshipped Makhleb.
Makhleb was noncommittal.
You were not hungry.

You visited 1 branch of the dungeon, and saw 3 of its levels.

You collected 100 gold pieces.

Inventory:

Hand weapons
 a - a +0 long sword (weapon)
Armour
 b - a +0 scale mail (worn)
 c - a +0 shield (worn)
Scrolls
 f - 4 scrolls of identify {unknown}
 g - a scroll of magic mapping {unknown}
 h - a scroll of immolation {unknown}
 i - a scroll of fear {unknown}
 l - a scroll of recharging {unknown}
Potions
 d - 2 potions of might
 j - 2 potions of resistance {unknown}
 k - a potion of curing {unknown}
 n - a potion of brilliance {unknown}
Comestibles
 e - 2 bread rations
 m - 2 beef jerkies
 o - 2 chunks of flesh
 p - 2 fruits
 q - a meat ration


   Skills:
 - Level 3.6 Fighting
 + Level 6.6 Long Blades
 - Level 3.6 Armour
 - Level 3.6 Shields


You had 4 spell levels left.
You didn't know any spells.

Dungeon Overview and Level Annotations

Branches:
Dungeon (3/15)

Altars:
Makhleb


Innate Abilities, Weirdness & Mutations

You reflexively headbutt those who attack you in melee.
You have a pair of horns on your head.


Message History

The gnoll hits you from afar with an antimagic spear.
The adder bites you.
You are poisoned.
The adder poisons you!
You closely miss the adder.
The adder is heavily wounded.
You feel sick.
The gnoll hits you from afar with an antimagic spear.
* * * LOW HITPOINT WARNING * * *
You feel your power leaking away. The gnoll hits you with a flail.
* * * LOW HITPOINT WARNING * * *
You block the adder's attack.
Unknown command.
Unknown command.
You block the adder's attack.
You closely miss the adder.
The adder is heavily wounded.
The gnoll hits you from afar with an antimagic spear!
You die...

#.##.#...# #.#.#. ###
#..#.#.### #.#... ...
#.#.#.# ###.###. ..
#...#.# #.......
#.#####..#.###...####
#..........#......#
#.......†#.#......#
##.###...#.#......#
#.gS@).....#......#
#.g###.....#......#
..... #.....########
....... #.....#
..?...# #...#.#
...... #####.# #####.
#.# #. #.# #.#


You could see 2 gnolls and an adder.

Vanquished Creatures
  A hound (D:2)
  An orc wizard (D:3)
  A gnoll (D:3)
  2 adders (D:3)
  An ooze (D:1)
  3 worms
  A giant gecko (D:3)
  4 orcs (D:3)
  8 bats
  3 giant cockroaches
  9 hobgoblins
  A quokka (D:3)
  A ball python (D:1)
  A giant newt (D:2)
  7 goblins
  4 kobolds (D:1)
  9 rats
57 creatures vanquished.

Notes
Turn   | Place    | Note
--------------------------------------------------------------
     0 | D:1      | kae the Minotaur Fighter began the quest for the Orb.
     0 | D:1      | Reached XP level 1. HP: 19/19 MP: 0/0
   155 | D:1      | Reached XP level 2. HP: 26/26 MP: 1/1
   363 | D:1      | Reached skill level 4 in Long Blades
   785 | D:2      | Reached XP level 3. HP: 31/31 MP: 2/2
  1492 | D:2      | Found a burning altar of Makhleb.
  1499 | D:2      | Reached skill level 5 in Long Blades
  1499 | D:2      | Reached XP level 4. HP: 36/39 MP: 3/3
  1504 | D:2      | Became a worshipper of Makhleb the Destroyer
  1585 | D:3      | Reached skill level 6 in Long Blades
  1815 | D:3      | Reached XP level 5. HP: 45/45 MP: 4/4
  1857 | D:3      | Slain by a gnoll

Vault maps used:
D:1:      dpeg_arrival_simpleton_b
D:2:      makhleb_heckhound_becter

Action                   |  1- 3 |  4- 6 || total
-------------------------+-------+-------++-------
Melee: Long sword        |   104 |    49 ||   153
  Eat: Chunk             |     1 |     2 ||     3
